 Seeded DCSS version 0.28-a0-1227-ga9037bb4c8 (webtiles) character file.

Game seed: 3735675696286094443 (custom seed)

2391 flotson the Ducker (level 9, -5/68 HPs)
             Began as a Demonspawn Gladiator on Dec 23, 2021.
             Was an Initiate of Gozag.
             Slain by an orc warrior (13 damage)
             ... on level 7 of the Dungeon.
             The game lasted 00:18:42 (10642 turns).

flotson the Ducker (Demonspawn Gladiator)          Turns: 10642, Time: 00:18:43

Health: -5/68      AC: 10    Str: 19    XL:     9   Next: 22%
Magic:  9/9        EV: 26    Int: 13    God:    Gozag
Gold:   618        SH: 13    Dex: 17    Spells: 8/8 levels left

rFire   . . .      SeeInvis .   D - +7 flail "Masishrau" {vorpal, Drain Fly Int+4}
rCold   + . .      Faith    .   p - +0 kite shield
rNeg    + + +      Spirit   .   G - +4 ring mail of the Hall of Blades {rC+ rN++ Dex+2 Stlth-}
rPois   .          Reflect  .   (helmet restricted)
rElec   .          Harm     .   (no cloak)
rCorr   .          Rampage  .   (no gloves)
Will    .....                   (no boots)
Stlth   ..........              r - amulet of the acrobat
HPRegen 0.21/turn               y - ring of positive energy
MPRegen 0.22/turn               (no ring)

@: acrobatic, flying
A: antennae 2, magic regeneration, sharp scales 1, condensation shield
a: Renounce Religion, Potion Petition, Call Merchant, Bribe Branch


You were on level 7 of the Dungeon.
You worshipped Gozag.
Gozag was pleased with you.
You visited 2 branches of the dungeon, and saw 10 of its levels.

You collected 728 gold pieces.
You paid 110 gold pieces to Gozag.

Inventory:

Hand Weapons
 D - the +7 flail "Masishrau" (weapon) {vorpal, Drain Fly Int+4}
   (You found it on level 6 of the Dungeon)

   It inflicts extra damage upon your enemies.
   Int:       It affects your intelligence (+4).
   Fly:       It grants you flight.
   Drain:     It drains your maximum health when unequipped.
Missiles
 s - 10 boomerangs
 t - 24 poisoned darts (quivered)
 x - 5 atropa-tipped darts
 z - a boomerang of dispersal
 E - 4 silver boomerangs
Armour
 h - a +2 leather armour of fire resistance
 n - +0 pearl dragon scales
 p - a +0 kite shield (worn)
 G - the +4 ring mail of the Hall of Blades (worn) {rC+ rN++ Dex+2 Stlth-}
   (You found it on level 8 of the Dungeon)

   Dex:       It affects your dexterity (+2).
   rC:        It protects you from cold.
   rN:        It greatly protects you from negative energy.
   Stlth:     It makes you less stealthy.
Jewellery
 r - an amulet of the acrobat (around neck)
 y - a ring of positive energy (left hand)
 K - a ring of fire
Wands
 b - a wand of paralysis (7)
 v - a wand of acid (6)
 H - a wand of iceblast (9)
 I - a wand of charming (7)
Scrolls
 e - 2 scrolls of blinking
 f - 2 scrolls of magic mapping {unknown}
 g - 4 scrolls of identify
 k - 2 scrolls of immolation {unknown}
 l - 3 scrolls of enchant weapon
 o - 2 scrolls of teleportation {unknown}
 q - a scroll of fog {unknown}
 u - a scroll of silence {unknown}
 w - 3 scrolls of fear
 C - 2 scrolls of vulnerability {unknown}
 F - a scroll of summoning {unknown}
 J - a scroll of enchant armour {unknown}
Potions
 a - a potion of mutation {unknown}
 c - a potion of haste {unknown}
 i - 3 potions of ambrosia {unknown}
 j - 2 potions of degeneration {unknown}
 m - 2 potions of curing
 A - a potion of invisibility {unknown}
 B - a potion of heal wounds {unknown}
 L - a potion of resistance {unknown}


   Skills:
 + Level 5.1 Fighting
 + Level 5.2 Maces & Flails
 + Level 4.5 Throwing
 + Level 4.1 Armour
 + Level 5.3 Dodging
 + Level 3.7 Shields
 + Level 3.9 Evocations


You had 8 spell levels left.
You didn't know any spells.
Your spell library contained the following spells:

 Spells                   Type           Power      Damage    Failure   Level
 Confusing Touch          Hex            0%         N/A       100%        3
 Dazzling Flash           Conj/Hex       0%         N/A       100%        3
 Fulminant Prism          Conj/Hex       0%         3d6       100%        4
 Iskenderun's Mystic Bla  Conj/Tloc      0%         2d3       100%        4
 Summon Lightning Spire   Summ/Air       0%         N/A       100%        4
 Starburst                Conj/Fire      0%         6d3       100%        6
 Haunt                    Necr/Summ      0%         N/A       100%        7


Dungeon Overview and Level Annotations

Branches:
Dungeon (9/15)             Temple (1/1) D:6            Lair (0/6) D:8
    Orc: D:9-12

Altars:
Dithmenos
Elyvilon
Gozag
Makhleb
Nemelex Xobeh
Qazlal
Ru
Sif Muna
The Shining One
Beogh

Shops:
D:3 [   D:8 *

Annotations:
D:7 r3xj's ghost, novice MiFi


Innate Abilities, Weirdness & Mutations

You have a pair of antennae on your head.
You regenerate magic rapidly.
You are partially covered in razor-sharp scales. (AC +1, Slay +1)
A meltable shield of frost defends you. (SH +4)


Message History

You closely miss the orc warrior.
The orc warrior is heavily wounded.
The orc warrior barely misses you.
You closely miss the orc warrior.
The orc warrior is heavily wounded.
You block the orc warrior's attack. x2
You hit the orc warrior but do no damage.
The orc warrior is heavily wounded.
You block the orc warrior's attack.
You barely miss the orc warrior.
The orc warrior is heavily wounded.
The orc warrior hits you with a +0 dire flail!
* * * LOW HITPOINT WARNING * * *
Unknown command.
Unknown command.
You block the orc warrior's attack. The orc warrior barely misses you.
Unknown command.
Throw: 27 darts (poison)
Press: ? - help, Q - select action, (/) - cycle Shift-Dir - straight line, f - orc warrior
Aim: an orc warrior, wielding a +0 dire flail and wearing a +0 plate armour (heavily wounded, 65% to hit)
You throw a poisoned dart.
The poisoned dart closely misses the orc warrior.
Throw: 26 darts (poison)
Press: ? - help, Q - select action, (/) - cycle Shift-Dir - straight line, f/p - orc warrior
Aim: an orc warrior, wielding a +0 dire flail and wearing a +0 plate armour (heavily wounded, 65% to hit)
You throw a poisoned dart. The poisoned dart hits the orc warrior.
The orc warrior is poisoned.
The orc warrior is heavily wounded.
You block the orc warrior's attack.
Throw: 25 darts (poison)
Press: ? - help, Q - select action, (/) - cycle Shift-Dir - straight line, f/p - orc warrior
Aim: an orc warrior, wielding a +0 dire flail and wearing a +0 plate armour (heavily wounded, poisoned, 65% to hit)
You throw a poisoned dart.
The poisoned dart closely misses the orc warrior.
The orc warrior hits you with a +0 dire flail!
* * * LOW HITPOINT WARNING * * *
The orc warrior hits you with a +0 dire flail!
You die...
Your body crumbles into a pile of gold.

##.## #..>#
##...###...### ###
#............######(##
#....#...............#
#.#.##.......######.##
#.#.####...### #.#
#.#.# #...# #.# #.#.#
##.#########.# #.#.#
#.....@o....# #.#.#
#..########## #.#.#
#..#
#.#.#####..##########
###.#.................#
(..(.............####.#
.##.#..###...###.# #<#
....#.^###...# #.# #.#
<##..........# #.# #.#


You could see an orc warrior (poisoned).

Vanquished Creatures
  2 hornets
  Menkaure (D:6)
  2 ice beasts (D:7)
  An orc warrior (D:8)
  2 sky beasts
  A black bear (D:5)
  A necrophage (D:5)
  A phantom (D:4)
  A bullfrog (D:8)
  3 killer bees
  4 wights (D:8)
  2 howler monkeys
  A bullfrog zombie (D:5)
  6 orc priests
  A hound (D:6)
  2 bullfrog skeletons (D:5)
  2 centaur skeletons (D:5)
  An orc wizard (D:6)
  2 iguanas
  2 killer bee zombies (D:8)
  A howler monkey skeleton (D:4)
  8 adders
  2 shadow imps
  4 ufetubi
  2 worms
  6 dart slugs
  22 orcs
  7 endoplasms
  2 giant cockroaches
  7 goblins
  3 hobgoblins
  6 quokkas (D:1)
  9 ball pythons
  11 bats
  6 frilled lizards
  8 kobolds
  7 rats
149 creatures vanquished.

Vanquished Creatures (others)
  An orc wizard (D:7)
  8 plants (D:6)
9 creatures vanquished.

Grand Total: 158 creatures vanquished

Notes
Turn   | Place    | Note
-------+----------+-------------------------------------------
     0 | D:1      | flotson the Demonspawn Gladiator began the quest for the
                  | Orb.
     0 | D:1      | Reached XP level 1. HP: 16/16 MP: 1/1
   117 | D:1      | Gained mutation: You regenerate magic rapidly. [demonic
                  | ancestry]
   117 | D:1      | Reached XP level 2. HP: 11/22 MP: 2/2
   773 | D:1      | Gained mutation: You are partially covered in razor-sharp
                  | scales. (AC +1, Slay +1) [demonic ancestry]
   773 | D:1      | Reached XP level 3. HP: 24/28 MP: 3/3
  1125 | D:2      | Reached skill level 1 in Armour
  1545 | D:2      | Reached XP level 4. HP: 22/34 MP: 4/4
  2881 | D:3      | Found a shimmering blue altar of Sif Muna.
  2987 | D:3      | Found Meozaqap's Armour Shoppe.
  2998 | D:3      | Gained mutation: You have a pair of small antennae on your
                  | head. [demonic ancestry]
  2998 | D:3      | Reached XP level 5. HP: 31/40 MP: 5/5
  3911 | D:4      | Noticed a phantom
  3923 | D:4      | Killed a phantom
  4318 | D:4      | Got the Volume of Creative Bewitchment
  4830 | D:5      | Entered Level 5 of the Dungeon
  4835 | D:5      | Noticed a necrophage
  4842 | D:5      | Killed a necrophage
  4843 | D:5      | Reached skill level 1 in Shields
  4843 | D:5      | Reached XP level 6. HP: 42/47 MP: 6/6
  4935 | D:5      | Reached skill level 1 in Evocations
  4961 | D:5      | Reached XP level 7. HP: 34/52 MP: 7/7
  5884 | D:6      | Noticed Menkaure
  5908 | D:6      | Killed Menkaure
  6648 | D:6      | Found a staircase to the Ecumenical Temple.
  6653 | Temple   | Entered the Ecumenical Temple
  6682 | Temple   | Became a worshipper of Gozag Ym Sagoz the Greedy
  6748 | D:6      | Identified the +7 flail "Masishrau" {vorpal, Drain Fly
                  | Int+4}
  6830 | D:6      | Found a stormy altar of Qazlal.
  6968 | D:6      | Gained mutation: A meltable shield of frost defends you.
                  | (SH +4) [demonic ancestry]
  6968 | D:6      | Reached XP level 8. HP: 60/60 MP: 8/8
  7863 | D:7      | Noticed a hornet
  7868 | D:7      | Killed a hornet
  8200 | D:8      | Found Gereamp's Changing Room.
  8258 | D:7      | Reached skill level 5 in Dodging
  8478 | D:8      | Found a staircase to the Lair.
  8493 | D:8      | Reached skill level 5 in Maces & Flails
  8550 | D:8      | Noticed a hornet
  8572 | D:8      | Paralysed by a hornet for 3 turns
  8578 | D:8      | Killed a hornet
  8579 | D:8      | Reached skill level 5 in Fighting
  8579 | D:8      | Gained mutation: You have a pair of antennae on your head.
                  | [demonic ancestry]
  8579 | D:8      | Reached XP level 9. HP: 9/68 MP: 9/9
  9226 | D:8      | Identified the +4 ring mail of the Hall of Blades {rC+ rN++
                  | Dex+2 Stlth-}
  9300 | D:8      | Found a shadowy altar of Dithmenos.
  9607 | D:8      | Found a runed translucent gate.
  9608 | D:8      | Noticed r3xj's ghost (novice MiFi)
  9608 | D:8      | Found a runed translucent gate.
  9609 | D:8      | Found a runed translucent gate.
  9610 | D:8      | Identified the +3 chain mail of Calculation {rF- rC+++
                  | Will+ Int+8}
  9676 | D:8      | You are sucked into a shaft and drop 1 floor!
  9676 | D:9      | Noticed a cyan ugly thing
  9676 | D:9      | Noticed a queen bee
  9676 | D:9      | Noticed a boulder beetle
 10642 | D:7      | Slain by an orc warrior

Illustrated notes

Levels and vault maps discovered:
D:1:      saegor_arrival_simple_b, layout_basic, minmay_misc_feat_rows,
          minmay_tetromino_t2
D:2:      layout_loops_ring, minmay_liquid_box
D:3:      layout_basic, lemuel_tele_altar, serial_shops, shop, wad_orctagon
D:4:      layout_loops_cross
D:5:      layout_basic, kennysheep_generic_room_14
D:6:      layout_layer_cave, mainiacjoe_overflow_alcove_4, temple_doors_e,
          uniq_menkaure
D:7:      layout_loops_ring, kennysheep_generic_room_8
D:8:      layout_cave_pods, grunt_dithmenos_smoke_and_mirrors, lair_entry_dummy,
          biasface_ghost_orc_armoury, grunt_decor_cap,
          nicolae_transmutations_shop
D:9:      layout_basic, okawaru_trees_2, minmay_radiant
Temple:   bh_familiar_temple

Skill      XL: |  1  2  3  4  5  6  7  8 |
---------------+-------------------------+-----
Throwing       | 2 3 4 |  4.5
Dodging        | 3 4 5 |  5.3
Maces & Flails | 3 4 5 |  5.2
Armour         | 1 2 3 4 |  4.1
Fighting       | 3 4 5 |  5.1
Shields        | 1 2 3 |  3.7
Evocations     | 1 2 3 |  3.9

Action                   |  1- 3 |  4- 6 |  7- 9 || total
-------------------------+-------+-------+-------++-------
Melee: Flail             |   137 |   155 |   172 ||   464
       Hand axe          |       |    41 |    79 ||   120
Throw: Throwing net      |       |     2 |     5 ||     7
       Dart              |       |       |    13 ||    13
       Boomerang         |       |       |    11 ||    11
Evoke: Wand              |       |       |     5 ||     5
  Use: Potion            |       |       |     1 ||     1
       Scroll            |       |       |     5 ||     5
 Stab: Sleeping          |     1 |     2 |       ||     3
Armor: Leather armour    |    69 |    28 |       ||    97
       Pearl dragon scal |       |   100 |   113 ||   213
       Ring mail         |       |       |    11 ||    11
Dodge: Dodged            |   113 |    99 |   116 ||   328
Block: Kite shield       |       |    55 |   189 ||   244

Table legend: (Time is in decaauts)
 A = Elapsed time spent in this place.
 B = Non-inter-level travel time spent in this place.
 C = Inter-level travel time spent in this place.
 D = Time resting spent in this place.
 E = Time spent auto-exploring this place.
 F = Levels seen in this place.
 G = Mean time per level.
                   A        B        C        D        E       F      G
               +--------+--------+--------+--------+--------+-----+--------+
         Total |  10876 |  10590 |    286 |    622 |   7857 |  10 | 1087.6 |
       Dungeon |  10823 |  10553 |    270 |    622 |   7825 |   9 | 1202.6 |
        Temple |     52 |     36 |     16 |      0 |     32 |   1 |   52.0 |
               +--------+--------+--------+--------+--------+-----+--------+

Top non-repeatable levels by time:
     D:8: 1667 daAuts
     D:6: 1589 daAuts
     D:7: 1578 daAuts
     D:3: 1577 daAuts
     D:4: 1153 daAuts
     D:1: 1106 daAuts
     D:2: 1094 daAuts
     D:5: 1013 daAuts
  Temple: 52 daAuts
     D:9: 43 daAuts
